 Dungeon Crawl Stone Soup version 0.26-a0-712-ga5a9c9c9d0 (webtiles) character file.

Game seed: 6220237815731786833

12379 raph the Destroyer (level 11, -21/62 HPs)
             Began as a Tengu Fire Elementalist on Nov 4, 2020.
             Was an Elder of Kikubaaqudgha.
             Demolished by a boulder beetle (52 damage)
             ... on level 2 of the Lair of Beasts.
             The game lasted 00:44:43 (17468 turns).

raph the Destroyer (Tengu Fire Elementalist)       Turns: 17468, Time: 00:44:44

Health: -21/62     AC: 11    Str:  8    XL:     11   Next: 92%
Magic:  11/22      EV: 16    Int: 25    God:    Kikubaaqudgha [****..]
Gold:   630        SH:  0    Dex: 15    Spells: 2/23 levels left

rFire    . . .     SeeInvis .   Q - +2 short sword (elec)
rCold    . . .     Faith    .   (no shield)
rNeg     . . .     Spirit   .   a - +0 robe
rPois    .         Reflect  .   (helmet restricted)
rElec    .         Harm     .   b - +1 cloak
rCorr    .         Rampage  .   O - +2 pair of gloves
MR       .....                  (boots unavailable)
Stlth    +++.......             q - amulet of magic regeneration
HPRegen  0.20/turn              T - +6 ring of intelligence
MPRegen  0.43/turn              t - +4 ring of protection

@: no status effects
A: beak, talons 3, able to fly
a: Fly, Receive Corpses, Renounce Religion


You were on level 2 of the Lair of Beasts.
You worshipped Kikubaaqudgha.
Kikubaaqudgha was greatly pleased with you.
You visited 3 branches of the dungeon, and saw 12 of its levels.

You collected 630 gold pieces.

Inventory:

Hand Weapons
 d - a +1 short sword of draining
 Q - a +2 short sword of electrocution (weapon)
Missiles
 f - 6 datura-tipped darts
 S - 25 poisoned darts (quivered)
Armour
 a - a +0 robe (worn)
 b - a +1 cloak (worn)
 s - a +1 pair of gloves
 O - a +2 pair of gloves (worn)
Magical Staves
 V - an uncursed staff of cold {unknown}
Jewellery
 n - an uncursed ring of protection from fire
 o - an uncursed ring of protection from magic
 q - an amulet of magic regeneration (around neck)
 t - a +4 ring of protection (right hand)
 v - an uncursed ring of see invisible
 D - an uncursed ring of ice
 T - a +6 ring of intelligence (left hand)
Wands
 F - a wand of random effects (12)
 H - a wand of disintegration (12)
 J - a wand of paralysis (2)
 K - a wand of digging (7)
 N - a wand of flame (7)
 U - a wand of polymorph (9)
Scrolls
 j - 3 scrolls of enchant weapon
 k - a scroll of blinking
 r - 4 scrolls of identify
 u - 4 scrolls of fog
 w - 3 scrolls of immolation
 y - 4 scrolls of remove curse
 A - 5 scrolls of teleportation
 C - 3 scrolls of magic mapping
 G - 2 scrolls of fear
 L - a scroll of amnesia
 M - a scroll of brand weapon {unknown}
 R - 4 scrolls of enchant armour
Potions
 c - 2 potions of flight
 e - 3 potions of curing
 g - 2 potions of lignification
 h - a potion of mutation
 i - 4 potions of cancellation
 l - 8 potions of stabbing
 m - a potion of heal wounds
 p - 2 potions of haste
 x - 2 potions of invisibility
 z - a potion of degeneration
 B - 2 potions of brilliance
 E - a potion of berserk rage
 I - 4 potions of ambrosia
 P - 2 potions of might {unknown}


   Skills:
 + Level 4.6 Fighting
 + Level 6.0 Dodging
 + Level 5.8 Stealth
 + Level 6.6 Spellcasting
 - Level 11.5 Conjurations
 + Level 8.8 Necromancy
 + Level 1.8 Translocations
 - Level 10.1 Fire Magic


You had 2 spell levels left.
You knew the following spells:

 Your Spells              Type           Power        Failure   Level
a - Foxfire               Conj/Fire      ####         1%          1
b - Conjure Flame         Conj/Fire      ######..     1%          3
c - Sticky Flame          Conj/Fire      ######..     1%          4
d - Animate Skeleton      Necr           ######       1%          1
e - Blink                 Tloc           N/A          4%          2
f - Vampiric Draining     Necr           ######....   1%          3
g - Fireball              Conj/Fire      ######....   2%          5
h - Sublimation of Blood  Necr           ######....   1%          2

Your spell library contained the following spells:

 Spells                   Type           Power        Failure   Level
 Magic Dart               Conj           ####         1%          1
 Pain                     Necr           ####         1%          1
 Shock                    Conj/Air       ####         1%          1
 Corona                   Hex            #......      7%          1
 Freeze                   Ice            #...         7%          1
 Call Imp                 Summ           #.......     11%         2
 Ensorcelled Hibernation  Hex/Ice        #.....       11%         2
 Slow                     Hex            #.......     11%         2
 Swiftness                Air            #.......     11%         2
 Dazzling Flash           Conj/Hex       #####.       1%          3
 Static Discharge         Conj/Air       #####...     1%          3
 Animate Dead             Necr           ######....   1%          4
 Dispel Undead            Necr           ######..     1%          4
 Iskenderun's Battlesphe  Conj           ######..     1%          5
 Inner Flame              Hex/Fire       ####....     2%          3
 Mephitic Cloud           Conj/Pois/Air  ####....     4%          3
 Agony                    Necr           ######..     4%          5
 Excruciating Wounds      Necr           ######....   4%          5
 Hailstorm                Conj/Ice       #####...     6%          4
 Bolt of Magma            Conj/Fire/Erth #####.....   10%         5
 Lightning Bolt           Conj/Air       #####.....   19%         5
 Confusing Touch          Hex            #.......     21%         3
 Frozen Ramparts          Ice            #.....       21%         3
 Ozocubu's Armour         Ice            #.......     21%         3
 Tukima's Dance           Hex            #.......     21%         3
 Death Channel            Necr           ######....   28%         6
 Orb of Destruction       Conj           ######....   45%         7
 Airstrike                Air            #.........   56%         4
 Summon Ice Beast         Ice/Summ       #.......     56%         4
 Iron Shot                Conj/Erth      #####.....   69%         6
 Simulacrum               Ice/Necr       ####......   86%         6
 Spellforged Servitor     Conj/Summ      #####.....   99%         7


Dungeon Overview and Level Annotations

Branches:
Dungeon (9/15)             Temple (1/1) D:4            Lair (2/6) D:8
  Swamp: Lair:2-4    Shoals: Lair:2-4     Snake: Lair:2-4    Spider: Lair:2-4
    Orc: D:9-12

Altars:
Ashenzari
Cheibriados
Dithmenos
Elyvilon
Fedhas
Gozag
Hepliaklqana
Kikubaaqudgha
Makhleb
Nemelex Xobeh
Okawaru
Qazlal
Ru
Sif Muna
Trog
Uskayaw
Vehumet
Wu Jian
Xom
Yredelemnul
Zin
The Shining One

Shops:
D:5 :


Innate Abilities, Weirdness & Mutations

You have a beak for a mouth.
You have claws for feet.
You can fly continuously.


Message History

Confirm with . or Enter, or press ? or * to list all spells.
You blink.
The boulder beetle burns!
The boulder beetle burns!
The boulder beetle blinks!
w - 3 scrolls of immolation (gained 1)
You see here a weird glowing staff.
V - a weird glowing staff The boulder beetle blinks!
Casting: Blink (safe; 4% risk of failure)
Confirm with . or Enter, or press ? or * to list all spells.
The fire begins to smolder!
The boulder beetle curls into a ball and begins rolling!
The fire ignites!
You hit the boulder beetle but do no damage.
You claw the boulder beetle, but do no damage.
The boulder beetle is lightly wounded.
The boulder beetle is engulfed in blazing flames.
The boulder beetle hits you!!!
Ouch! That really hurt!
You die...
Kikubaaqudgha rasps: "You have failed me!
Welcome... death!"

..<#.#.####### #...#####
....#### #..## ...### #...#
#.#..# ##.## ###### #.>.####
##......# #......... ##
#.###/P..# ## #.##@# #...# #
#.###.#B####P..#..
#.....°$P#P$P#...##
#####....#°............
####P.##....[.$P[P.P.....# ##
#P............$....P##?...
.###...##...##....P.P.##.....
.P..#.###.#.##...............
...PP..###...$...............


You could see a boulder beetle.

Vanquished Creatures
  Pikel (D:9)
  A cyclops (D:9)
  A black mamba (Lair:2)
  2 cane toads (Lair:1)
  A rime drake (Lair:2)
  2 komodo dragons
  Prince Ribbit (D:9)
  11 blink frogs
  Grinder (D:6)
  A hornet (Lair:2)
  17 yaks
  A basilisk (Lair:2)
  6 water moccasins
  2 phantoms
  A sky beast (D:8)
  3 black bears
  4 ogres
  A necrophage (D:9)
  A wolf (Lair:1)
  2 centaurs
  A lemure (D:9)
  A big kobold (D:9)
  15 bullfrogs
  A wyvern zombie (D:8)
  9 scorpions
  A wight (D:8)
  5 electric eels
  4 howler monkeys
  2 bullfrog zombies
  A quasit (D:6)
  4 hounds
  2 jellies
  A gnoll shaman (D:6)
  2 orc priests
  2 bullfrog skeletons (D:4)
  3 iguanas
  2 orc wizards
  2 worker ants
  A hound skeleton (D:8)
  Robin (D:3)
  A howler monkey skeleton (D:3)
  9 gnolls
  10 adders
  A shadow imp (D:6)
  A white imp (D:5)
  6 ufetubi
  2 oozes
  An adder skeleton (D:9)
  5 worms
  6 dart slugs
  8 leopard geckos
  8 orcs
  8 bats
  7 giant cockroaches
  18 goblins
  9 hobgoblins
  10 jackals
  3 quokkas
  3 ball pythons
  A ball python skeleton (D:4)
  7 frilled lizards
  A jackal skeleton (D:6)
  11 kobolds
  6 rats
  3 butterflies (Lair:1)
265 creatures vanquished.

Vanquished Creatures (collateral kills)
  A necrophage (D:8)
  A hound skeleton (D:6)
  10 foxfires
12 creatures vanquished.

Vanquished Creatures (others)
  914 foxfires
  64 fungi
  102 plants
1080 creatures vanquished.

Grand Total: 1357 creatures vanquished

Notes
Turn   | Place    | Note
-------+----------+-------------------------------------------
     0 | D:1      | raph the Tengu Fire Elementalist began the quest for the
                  | Orb.
     0 | D:1      | Reached XP level 1. HP: 10/10 MP: 4/4
   278 | D:1      | Reached XP level 2. HP: 9/15 MP: 0/6
   335 | D:1      | Reached skill level 2 in Conjurations
   714 | D:1      | Reached XP level 3. HP: 19/19 MP: 3/7
  2325 | D:2      | Reached skill level 3 in Conjurations
  2325 | D:2      | Reached XP level 4. HP: 21/24 MP: 4/8
  2350 | D:2      | Found a hazy altar of Hepliaklqana.
  2929 | D:2      | Found a burning altar of Makhleb.
  2929 | D:2      | Noticed an Executioner
  3648 | D:3      | Gained mutation: You can fly continuously. [Tengu growth]
  3648 | D:3      | Reached XP level 5. HP: 17/28 MP: 3/9
  3702 | D:3      | Learned a level 3 spell: Conjure Flame
  3707 | D:3      | Learned a level 4 spell: Sticky Flame
  3822 | D:3      | Noticed Robin
  3840 | D:3      | Killed Robin
  4040 | D:3      | Learned a level 1 spell: Animate Skeleton
  4118 | D:3      | Found a stormy altar of Qazlal.
  4346 | D:3      | Reached skill level 4 in Conjurations
  5151 | D:4      | Reached XP level 6. HP: 32/32 MP: 3/10
  5265 | D:4      | Found a glowing golden altar of the Shining One.
  5277 | D:4      | Reached skill level 5 in Conjurations
  5277 | D:4      | Reached skill level 5 in Fire Magic
  5590 | D:4      | Found a staircase to the Ecumenical Temple.
  6074 | Temple   | Entered the Ecumenical Temple
  6138 | Temple   | Became a worshipper of Kikubaaqudgha
  6650 | D:5      | Entered Level 5 of the Dungeon
  6826 | D:5      | Found a glowing silver altar of Zin.
  6983 | D:5      | Reached XP level 7. HP: 36/36 MP: 11/11
  7044 | D:5      | Reached skill level 6 in Conjurations
  7044 | D:5      | Reached skill level 1 in Necromancy
  7410 | D:5      | Found Celazxom's Book Emporium.
  7529 | D:5      | Found a broken altar of Ashenzari.
  7532 | D:5      | Found a basalt altar of Yredelemnul.
  7534 | D:5      | Found an iron altar of Okawaru.
  7534 | D:5      | Found a white marble altar of Elyvilon.
  7916 | D:5      | Learned a level 2 spell: Blink
  8023 | D:6      | Noticed Grinder
  8032 | D:6      | Killed Grinder
  8032 | D:6      | Reached skill level 7 in Conjurations
  8032 | D:6      | Reached XP level 8. HP: 41/41 MP: 9/13
  8176 | D:6      | Reached * piety under Kikubaaqudgha
  8176 | D:6      | Identified Kikubaaqudgha's Handbook of Black Rituals
                  | (Kikubaaqudgha gifted it to you on level 6 of the Dungeon)
  8176 | D:6      | Received a gift from Kikubaaqudgha
  8258 | D:6      | Found a shadowy altar of Dithmenos.
  9285 | D:7      | Reached skill level 8 in Conjurations
  9604 | D:7      | Learned a level 3 spell: Vampiric Draining
  9621 | D:7      | Paralysed by a centaur for 4 turns
  9911 | D:7      | Found a radiant altar of Vehumet.
 10024 | D:7      | Reached XP level 9. HP: 45/45 MP: 13/16
 10484 | D:8      | Reached skill level 5 in Necromancy
 10686 | D:8      | Reached skill level 9 in Conjurations
 10856 | D:8      | Reached ** piety under Kikubaaqudgha
 10935 | D:8      | Reached skill level 5 in Spellcasting
 11368 | D:8      | Found a staircase to the Lair.
 11594 | Lair:1   | Entered Level 1 of the Lair of Beasts
 11641 | Lair:1   | Reached XP level 10. HP: 23/50 MP: 7/19
 11642 | Lair:1   | Reached skill level 10 in Conjurations
 11825 | D:8      | Learned a level 5 spell: Fireball
 12372 | D:8      | Learned a level 2 spell: Sublimation of Blood
 12408 | Lair:1   | Reached skill level 1 in Fighting
 12637 | D:9      | Noticed Prince Ribbit
 12752 | D:9      | Noticed Pikel
 12755 | D:9      | Killed Pikel
 12936 | D:9      | Noticed a cyclops
 12963 | D:9      | Reached *** piety under Kikubaaqudgha
 12963 | D:9      | Identified Kikubaaqudgha's Grimoire of Evil (Kikubaaqudgha
                  | gifted it to you on level 9 of the Dungeon)
 12963 | D:9      | Received a gift from Kikubaaqudgha
 13098 | D:9      | Reached skill level 11 in Conjurations
 13521 | D:9      | Killed a cyclops
 13521 | D:9      | Reached XP level 11. HP: 59/59 MP: 6/21
 13553 | D:9      | Killed Prince Ribbit
 14279 | D:8      | Reached skill level 10 in Fire Magic
 14537 | Lair:1   | Reached skill level 5 in Dodging
 14798 | D:8      | Reached skill level 5 in Stealth
 16061 | Lair:1   | Reached skill level 1 in Translocations
 16608 | Lair:2   | Reached **** piety under Kikubaaqudgha
 16777 | Lair:2   | Noticed a boulder beetle
 17082 | Lair:2   | Noticed a boulder beetle
 17094 | Lair:2   | HP: 3/62 [boulder beetle (17)]
 17468 | Lair:2   | Demolished by a boulder beetle

Illustrated notes

Levels and vault maps discovered:
D:1:      scummos_arrival_forest, layout_loops_ring
D:2:      layout_loops_cross, lemuel_round_altar, minmay_misc_feat_plants,
          makhleb_altar_promises_db
D:3:      layout_rooms, nicolae_qazlal_general_emergency,
          cheibrodos_sewer_entry_bend, uniq_robin
D:4:      layout_loops_ring, nicolae_overflow_crystal_walls,
          minmay_temple_entry_trees
D:5:      layout_loops_ring, grunt_temple_overflow_open, serial_shops,
          nicolae_shop_statue_plus, minmay_misc_feat_roman
D:6:      layout_gridville, grunt_dithmenos_smoke_and_mirrors, uniq_grinder
D:7:      layout_rooms, vehumet_crystals
D:8:      layout_loops_ring, due_lair_maze_entry_diamond, serial_bayou_pond_b,
          kennysheep_generic_room_2
D:9:      layout_basic, uniq_pikel, uniq_prince_ribbit1
Temple:   nicolae_temple_god_jail
Lair:1:   layout_misc_corridors, serial_bayou_pond_d, beast_lair_carwin_6,
          grunt_megastairs_1, serial_bayou_shore_a, lemuel_fruit_fields
Lair:2:   layout_loops_ring, serial_forest, infiniplex_forest_clump_medium,
          infiniplex_forest_end_2, infiniplex_forest_lined_1,
          infiniplex_forest_lined_corner, bh_autumn_forest_stairs

Skill      XL: |  1  2  3  4  5  6  7  8  9 10 11 |
---------------+----------------------------------+-----
Conjurations   | 2 3 4 5 7 8 9 11 | 11.5
Fire Magic     | 4 5 6 7 8 9 10 | 10.1
Dodging        | 3 4 6 |  6.0
Necromancy     | 2 4 6 7 8 |  8.8
Spellcasting   | 3 4 5 6 |  6.6
Stealth        | 4 5 |  5.8
Fighting       | 2 4 |  4.6
Translocations | 1 |  1.8

Action                   |  1- 3 |  4- 6 |  7- 9 | 10-12 || total
-------------------------+-------+-------+-------+-------++-------
Melee: Short sword       |    18 |    26 |    38 |    42 ||   124
       Kick              |     3 |     2 |    10 |     6 ||    21
       Unarmed           |     1 |       |       |       ||     1
       Peck              |       |     3 |     5 |     3 ||    11
 Cast: Foxfire           |    66 |   178 |   234 |   158 ||   636
       Conjure Flame     |       |     4 |     9 |     3 ||    16
       Sticky Flame      |       |     2 |    16 |    33 ||    51
       Animate Skeleton  |       |       |    13 |    21 ||    34
       Blink             |       |       |     1 |    19 ||    20
       Fireball          |       |       |       |    44 ||    44
       Vampiric Draining |       |       |       |     5 ||     5
       Sublimation of Bl |       |       |       |     2 ||     2
Evoke: Wand              |       |       |       |     1 ||     1
  Use: Scroll            |     1 |     7 |    15 |     4 ||    27
       Potion            |       |       |       |     1 ||     1
 Stab: Sleeping          |       |     4 |     1 |     1 ||     6
       Distracted        |       |       |       |     1 ||     1
Armor: Robe              |     9 |     8 |    41 |    26 ||    84
Dodge: Dodged            |    33 |    54 |    66 |    89 ||   242

Table legend: (Time is in decaauts)
 A = Elapsed time spent in this place.
 B = Non-inter-level travel time spent in this place.
 C = Inter-level travel time spent in this place.
 D = Time resting spent in this place.
 E = Time spent auto-exploring this place.
 F = Levels seen in this place.
 G = Mean time per level.
                   A        B        C        D        E       F      G
               +--------+--------+--------+--------+--------+-----+--------+
         Total |  17508 |  17092 |    416 |   8687 |   5556 |  12 | 1459.0 |
       Dungeon |  14794 |  14440 |    354 |   7341 |   4823 |   9 | 1643.8 |
        Temple |     78 |     64 |     14 |     13 |      3 |   1 |   78.0 |
          Lair |   2635 |   2587 |     48 |   1333 |    729 |   2 | 1317.5 |
               +--------+--------+--------+--------+--------+-----+--------+

Top non-repeatable levels by time:
     D:8: 3366 daAuts
     D:1: 2466 daAuts
  Lair:1: 1882 daAuts
     D:4: 1836 daAuts
     D:6: 1449 daAuts
     D:9: 1391 daAuts
     D:5: 1308 daAuts
     D:3: 1304 daAuts
     D:2: 973 daAuts
  Lair:2: 752 daAuts
     D:7: 696 daAuts
  Temple: 78 daAuts
